 Dungeon Crawl Stone Soup version 0.27-a0-899-ge2d0b17c59 (webtiles) character file.

Game seed: 6425548446842971371

43 mhtbhm the Skirmisher (level 3, 0/24 HPs)
             Began as a Gargoyle Berserker on Apr 5, 2021.
             Was a Follower of Trog.
             Slain by Robin
             ... wielding a +0 spear
              (4 damage)
             ... on level 2 of the Dungeon.
             The game lasted 00:01:06 (1255 turns).

mhtbhm the Skirmisher (Gargoyle Berserker)          Turns: 1255, Time: 00:01:06

Health: 0/24       AC: 12    Str: 21    XL:     3   Next: 58%
Magic:  3/3        EV:  8    Int:  7    God:    Trog [*.....]
Gold:   54         SH:  0    Dex:  9    Spells: 2/2 levels left

rFire    . . .     SeeInvis .   a - +0 mace
rCold    . . .     Faith    .   (no shield)
rNeg     + + .     Spirit   .   b - +0 chain mail
rPois    ∞         Reflect  .   (no helmet)
rElec    +         Harm     .   (no cloak)
rCorr    .         Rampage  .   (no gloves)
Will     .....                  (no boots)
Stlth    ..........             (no amulet)
HPRegen  0.08/turn              d - ring of positive energy
MPRegen  0.08/turn              (no ring)

@: mighty, berserk cooldown, slowed, very slow
A: AC +3, negative energy resistance 1, electricity resistance, torment
resistance 1, unbreathing 1, petrification resistance
a: Renounce Religion, Berserk


You were on level 2 of the Dungeon.
You worshipped Trog.
Trog was aware of your devotion.
You visited 1 branch of the dungeon, and saw 2 of its levels.

You collected 54 gold pieces.

Inventory:

Hand Weapons
 a - a +0 mace (weapon)
Armour
 b - a +0 chain mail (worn)
Jewellery
 d - a ring of positive energy (left hand)
 g - a ring of resist corrosion
Scrolls
 e - a scroll of blinking {unknown}
 f - a scroll of identify {unknown}


   Skills:
 + Level 3.8 Fighting
 + Level 3.6 Maces & Flails
 + Level 2.8 Armour
 + Level 1.7 Dodging
 + Level 0.2 Stealth


You had 2 spell levels left.
You didn't know any spells.
Your spell library was empty.

Dungeon Overview and Level Annotations

Branches:
Dungeon (2/15)

Altars:

Annotations:
D:2 Robin


Innate Abilities, Weirdness & Mutations

Your stone body is resilient. (AC +3)
You are immune to poison.
You resist negative energy. (rN+)
You are resistant to electric shocks. (rElec)
You are resistant to unholy torment.
You can survive without breathing.
You are immune to petrification.


Message History

Robin hits you but does no damage.
Items here: ))) ††.
You feel a strong urge to attack something.
You closely miss Robin. Robin hits you but does no damage.
You sock Robin!
Robin is severely wounded.
You hit the hobgoblin.
The hobgoblin is moderately wounded.
Robin barely misses you. The hobgoblin barely misses you.
You completely miss the hobgoblin.
The hobgoblin is moderately wounded.
Robin barely misses you. The hobgoblin hits you.
* * * LOW HITPOINT WARNING * * *
You sock the hobgoblin!
You kill the hobgoblin!
Trog accepts your kill. Robin hits you with a +0 spear.
* * * LOW HITPOINT WARNING * * *
Things that are here:
an amulet of the acrobat; a hobgoblin corpse; a hobgoblin corpse You feel a strong urge to attack something.
You are no longer berserk.
You are exhausted.
You feel yourself slow down.
Robin hits you from afar with a +0 spear.
* * * LOW HITPOINT WARNING * * *
Robin no longer looks unusually strong.
Robin hits you but does no damage. Robin hits you but does no damage.
Unknown command.
You aren't carrying any items that you can evoke.
Unknown command.
Robin barely misses you. Robin hits you but does no damage.
You hit Robin.
Robin is almost dead.
Robin hits you but does no damage.
Your chain mail prevents you from hitting Robin.
Robin is almost dead.
Robin says, "Feeling lonely?"
Robin hits you but does no damage. Robin hits you with a +0 spear.
You die...

#.# #.# #(# #.# #.#
#.# ##'## ###.######
##...##
........###....(## #
##..###)##.......##
#.#....##)#.........#
#...@g..".'.......†.'
#.#....##.#.........#
# ##..###.##.......##
........###.....##
......##### ##...##
#.####.# ##+## # #.#
..#


You could see Robin.

Vanquished Creatures
  An adder (D:2)
  4 bats
  2 endoplasms
  8 goblins
  8 hobgoblins
  A kobold (D:2)
  2 quokkas (D:1)
  2 ball pythons (D:1)
  2 rats
30 creatures vanquished.

Notes
Turn   | Place    | Note
-------+----------+-------------------------------------------
     0 | D:1      | mhtbhm the Gargoyle Berserker began the quest for the Orb.
     0 | D:1      | Reached XP level 1. HP: 14/14 MP: 1/1
   159 | D:1      | Found a faded altar of an unknown god.
   175 | D:1      | Reached XP level 2. HP: 19/19 MP: 2/2
  1003 | D:2      | Reached XP level 3. HP: 23/24 MP: 3/3
  1217 | D:2      | Noticed Robin
  1255 | D:2      | Slain by Robin

Illustrated notes

Levels and vault maps discovered:
D:1:      ebering_trefoil_twist, layout_basic, basic_ecumenical_altar,
          minmay_tripent
D:2:      layout_loops_corners, uniq_natasha, uniq_robin

Action                   || total
-------------------------++-------
Melee: Mace              ||   126
Invok: Berserk           ||     1
  Use: Potion            ||     1
Armor: Chain mail        ||   120
Dodge: Dodged            ||    75

Table legend: (Time is in decaauts)
 A = Elapsed time spent in this place.
 B = Non-inter-level travel time spent in this place.
 C = Inter-level travel time spent in this place.
 D = Time resting spent in this place.
 E = Time spent auto-exploring this place.
 F = Levels seen in this place.
 G = Mean time per level.
                   A        B        C        D        E       F      G
               +--------+--------+--------+--------+--------+-----+--------+
         Total |   1281 |   1281 |      0 |      0 |   1037 |   2 |  640.5 |
       Dungeon |   1281 |   1281 |      0 |      0 |   1037 |   2 |  640.5 |
               +--------+--------+--------+--------+--------+-----+--------+

Top non-repeatable levels by time:
     D:1: 877 daAuts
     D:2: 403 daAuts
